Map: King Sejong Station LE

Players

Gracz

  • Race: Protoss Protoss
  • League: Silver

Dupsko

  • Race: Protoss Protoss
  • League: Diamond

HAJPER

  • Race: Zerg Zerg

Red

  • Race: Zerg Zerg
  • League: Platinum

VOD

Have the link to the VOD?

Description

Time

  • Played on: Oct. 7, 2016, 1:18 p.m.
  • Length: 6:58
Show
View Real Time Build Order
Export as new Build Order

Gracz Protoss 

Build Orders:  

Get SALT Encoding   

  12  0:02  Probe (Chrono Boost)  
  13  0:18  Pylon  
  13  0:21  Assimilator  
  13  0:29  Probe (Chrono Boost)  
  14  0:39  Probe (Chrono Boost)  
  14  0:42  Gateway  
  16  0:50  Probe (Chrono Boost)  
  16  1:00  Probe (Chrono Boost)  
  17  1:11  Probe (Chrono Boost)  
  18  1:21  Probe (Chrono Boost)  
  18  1:24  Gateway  
  19  1:27  Gateway  
  19  1:50  Assimilator  
  19  1:54  Nexus  
  19  2:02  Probe (Chrono Boost)  
  20  2:12  Probe (Chrono Boost), Cybernetics Core  
  21  2:22  Pylon  
  21  2:29  Probe (Chrono Boost)  
  22  2:40  Gateway, Warp Gate, Probe (Chrono Boost)  
  23  3:03  Stalker  
  23  3:04  Stalker  
  23  3:07  Stalker  
  28  3:47  Probe (Chrono Boost)  
  31  3:48  Mothership Core (Chrono Boost)  
  31  3:59  Probe (Chrono Boost)  
  32  4:05  Twilight Council  
  32  4:08  Probe (Chrono Boost)  
  34  4:11  Assimilator, Probe (Chrono Boost)  
  34  4:20  Probe (Chrono Boost)  
  34  4:23  Probe (Chrono Boost)  
  36  4:32  Probe (Chrono Boost)  
  36  4:35  Pylon, Probe (Chrono Boost)  
  37  4:43  Robotics Facility  
  37  4:45  Gateway  
  37  4:48  Gateway  
  37  4:58  Pylon  
  18  5:28  Stalker x3  
  19  5:29  Stalker  
  12  5:49  Probe (Chrono Boost)  
  9  5:53  Stalker  
  7  5:59  Probe (Chrono Boost)  
  7  6:01  Probe (Chrono Boost)  
  7  6:11  Probe (Chrono Boost)  
  8  6:22  Probe (Chrono Boost)  
  5  6:33  Probe (Chrono Boost)  
  2  6:47  Sentry  
Show
View Real Time Build Order
Export as new Build Order

Dupsko Protoss 

Build Orders:  

Get SALT Encoding   

  12  0:02  Drone  
  13  0:08  Drone  
  14  0:17  Overlord  
  14  0:22  Extractor  
  14  0:27  Extractor, Drone  
  15  0:36  Drone  
  15  0:37  Drone  
  17  0:56  Hatchery  
  16  1:02  Drone x2  
  18  1:16  Spawning Pool  
  18  1:17  Extractor  
  16  1:19  Drone  
  16  1:22  Drone  
  18  2:03  Zergling x6  
  18  2:07  Queen  
  23  2:15  Drone  
  23  2:16  Drone  
  23  2:18  Metabolic Boost  
  25  2:27  Hatchery  
  24  2:30  Queen  
  24  2:34  Drone  
  27  2:45  Overlord  
  27  2:47  Drone  
  28  2:59  Overlord  
  28  3:03  Drone x3  
  28  3:04  Drone  
  32  3:17  Drone  
  32  3:18  Drone x3  
  36  3:29  Roach Warren  
  36  3:32  Drone x2  
  37  3:38  Drone x2  
  39  3:41  Zergling x2  
  39  3:43  Zergling x2  
  39  3:44  Zergling x2  
  39  3:46  Zergling x2  
  42  3:48  Zergling x2  
  43  4:02  Drone x6  
  49  4:03  Overlord  
  49  4:17  Evolution Chamber  
  49  4:20  Evolution Chamber, Lair  
  47  4:24  Zergling x2  
  47  4:25  Zergling x8  
  52  4:34  Extractor  
  52  4:36  Drone x6  
  52  4:38  Overlord  
  57  4:52  Extractor  
  56  4:56  Roach x5  
  56  4:59  Overlord x2  
  66  5:01  Zerg Missile Weapons Level 1  
  62  5:23  Roach  
  63  5:30  Roach, Zergling x2  
  63  5:31  Zergling x20  
  63  5:35  Extractor  
  75  5:42  Drone x2  
  75  5:46  Queen  
  75  5:48  Overlord  
  78  5:57  Roach x2  
  78  5:58  Overlord  
  79  6:09  Roach x3  
  84  6:15  Roach x3  
  84  6:16  Overlord x2  
  90  6:23  Roach x2  
  91  6:37  Roach x5  
Show
View Real Time Build Order
Export as new Build Order

HAJPER Zerg 

Build Orders:  

Get SALT Encoding   

Show
View Real Time Build Order
Export as new Build Order

Red Zerg 

Build Orders:  

Get SALT Encoding   

Tags
 
Add a new tag
Caveats
  • Supply blocks, unpowered buildings, or Contaminate may cause inaccurate times.
  • Supply counts are checked every 10 seconds.